 Dungeon Crawl Stone Soup version 0.29.0-11-gd7f09526c8 (webtiles) character file.

Game seed: 13949577186374567749

2082 iguanaiguana the Trooper (level 9, -2/66 HPs)
             Began as a Djinni Conjurer on Sept 4, 2022.
             Was an Initiate of Gozag.
             Slain by an eight-headed hydra (7 damage)
             ... on level 8 of the Dungeon.
             The game lasted 00:48:02 (3327 turns).

iguanaiguana the Trooper (Djinni Conjurer)          Turns: 3327, Time: 00:48:03

Health: -2/66      AC:  4    Str:  9    XL:     9   Next: 51%
Gold:   327        EV: 12    Int: 25    God:    Gozag SH:  0 Dex: 11

rFire   + + .      SeeInvis .   b - +8 mace "Tawouveo" {spect, Str+3}
rCold   x . .      Faith    .   (no shield)
rNeg    . . .      Spirit   .   f - +0 robe
rPois   ∞          Reflect  .   l - +0 helmet
rElec   .          Harm     .   z - +0 cloak
rCorr   .          Rampage  .   (no gloves)
Will    .....                   (boots unavailable)
Stlth   ++........              (no amulet)
HPRegen 0.21/turn               (no ring)
MPRegen 0.00/turn               (no ring)

@: flying
A: sickness immunity, fire resistance 2, cold vulnerability 1, float, innate
caster, HP casting, extra vitality 1, subdued magic 1
a: Renounce Religion, Potion Petition, Call Merchant, Bribe Branch


You were on level 8 of the Dungeon.
You worshipped Gozag.
Gozag was aware of your devotion.
You visited 2 branches of the dungeon, and saw 9 of its levels.
You also visited: Ossuary.

You collected 400 gold pieces.
You paid 73 gold pieces to Gozag.

Inventory:

Hand Weapons
 a - the +5 dagger of Osasi {holy, rPois rC+ rN+ Int-2}
   (You found it on level 6 of the Dungeon)

   It has been blessed by the Shining One to cause great damage to the undead
   and demons.
   Int:       It affects your intelligence (-2).
   rC:        It protects you from cold.
   rPois:     It protects you from poison.
   rN:        It protects you from negative energy.
 b - the +8 mace "Tawouveo" (weapon) {spect, Str+3}
   (You found it on level 3 of the Dungeon)

   When its wielder attacks, the weapon's spirit leaps out and strikes again.
   The spirit shares a part of any damage it takes with its wielder.
   Str:       It affects your strength (+3).
Missiles
 p - 26 poisoned darts
 s - a boomerang
 w - 6 curare-tipped darts
 E - 5 javelins
Armour
 c - a +0 tower shield
 f - a +0 robe (worn)
 l - a +0 helmet (worn)
 z - a +0 cloak (worn)
Jewellery
 F - an amulet of faith
Scrolls
 d - a scroll of fog
 g - a scroll of enchant weapon
 j - 5 scrolls of teleportation {@r3}
 n - a scroll of summoning {unknown}
 o - 3 scrolls of noise {unknown}
 q - a scroll of fear
 r - a scroll of blinking {unknown}
 u - a scroll of enchant armour {unknown}
 y - a scroll of immolation {unknown}
 B - a scroll of brand weapon {unknown}
 C - 2 scrolls of magic mapping {unknown}
 D - a scroll of vulnerability {unknown}
Potions
 e - a potion of flight
 h - a potion of cancellation {unknown}
 i - a potion of brilliance
 k - a potion of mutation
 m - a potion of attraction {unknown}
 t - a potion of ambrosia {unknown}
 x - a potion of degeneration {unknown}
 A - 2 potions of invisibility {unknown}


   Skills:
 + Level 6.1 Fighting
 - Level 6.0 Maces & Flails
 - Level 2.0 Throwing
 - Level 2.1 Dodging
 - Level 1.5 Stealth
 - Level 6.0 Spellcasting


You couldn't memorise any spells.
You knew the following spells:

 Your Spells              Type           Power      Damage    Failure   Level
a - Magic Dart            Conj           100%       1d8       1%          1
b - Searing Ray           Conj           56%        2d6       1%          2
c - Poisonous Vapours     Pois/Air       56%        N/A       1%          2
d - Fulminant Prism       Conj/Hex       14%        3d9       4%          4
e - Iskenderun's Mystic   Conj/Tloc      28%        2d7       4%          4
f - Beastly Appendage     Tmut           56%        N/A       1%          1
g - Dazzling Flash        Conj/Hex       56%        N/A       1%          3
h - Passwall              Tmut/Erth      23%        N/A       1%          2
i - Conjure Flame         Conj/Fire      28%        6-21      1%          3
Your spell library was empty.

Dungeon Overview and Level Annotations

Branches:
Dungeon (8/15) Zot: 26951  Temple (1/1) D:7 Zot: 5695 Ossuary (visited)
   Lair: D:8-11

Altars:
Ashenzari
Cheibriados
Dithmenos
Fedhas
Gozag
Nemelex Xobeh
Yredelemnul
Zin
The Shining One

Annotations:
D:4 Menkaure


Innate Abilities, Weirdness & Mutations

You are immune to sickness and miasma.
You are immune to poison.
Your flesh is very heat resistant. (rF++)
You are vulnerable to cold. (rC-)
You float through the air rather than walking.
You learn spells naturally, not from books.
Your magical power is your life essence.
You have superior vitality. (+4 MHP)
Your spells are a little easier to cast, but a little less powerful.


Message History

Confirm with . or Enter, or press ? or * to list all spells.
The fire begins to smoulder!
* * * LOW HITPOINT WARNING * * *
Your fulminant prism crackles loudly.
You hear an explosion!
The blast of energy engulfs the eight-headed hydra!
The eight-headed hydra is almost dead.
You hear an angry buzzing noise.
The eight-headed hydra smothers the flame.
You aren't carrying any items that you can evoke.
Okay, then.
You aren't carrying any items that you can evoke.
Okay, then.
Casting: Conjure Flame (safe; 1% risk of failure)
Confirm with . or Enter, or press ? or * to list all spells.
Okay, then.
Okay, then.
Okay, then.
Casting: Conjure Flame (safe; 1% risk of failure)
Confirm with . or Enter, or press ? or * to list all spells.
Okay, then.
Casting: Conjure Flame (safe; 1% risk of failure)
Confirm with . or Enter, or press ? or * to list all spells.
Okay, then.
Okay, then.
Hit: b) +8 mace "Tawouveo" {spect, Str+3}
Press: ? - help, Dir - move target, f - eight-headed hydra
Aim: an eight-headed hydra (almost dead, about 16% to evade the +8 mace "Tawouveo")
Okay, then.
Casting: Conjure Flame (safe; 1% risk of failure)
Confirm with . or Enter, or press ? or * to list all spells.
Okay, then.
You hit the eight-headed hydra.
The eight-headed hydra is almost dead.
Your +8 mace "Tawouveo" {spect, Str+3} completely misses the eight-headed hydra.
The eight-headed hydra bites you!
* * * LOW HITPOINT WARNING * * *
The eight-headed hydra bites you!
You die...
Your body crumbles into a pile of gold.

(# #'## ....
.C.## #...
#####.*##
........#
##D#### ##
#@(...#
..>.###<.)..#
#.........#
#####.....#
#.....#
#######


You could see an eight-headed hydra and a friendly +8 mace "Tawouveo" {spect,
Str+3} (summoned).

Vanquished Creatures
  Sigmund (D:3)
  A steam dragon (D:7)
  2 water moccasins
  An orc warrior (D:8)
  A black bear (D:5)
  A phantom (D:7)
  A kobold brigand (D:7)
  A necrophage (D:4)
  2 water moccasin zombies (Ossuary)
  A scorpion (D:5)
  3 wights
  6 killer bees (D:8)
  A jelly (D:8)
  2 hounds
  A gnoll bouda (D:7)
  5 iguanas
  Jessica (D:3)
  3 orc wizards
  2 mummies (Ossuary)
  Robin (D:3)
  5 gnolls (D:7)
  9 adders
  A white imp (D:7)
  An ufetubus (D:6)
  5 adder zombies (Ossuary)
  2 worms
  11 orcs
  4 endoplasms (D:2)
  2 giant cockroaches (D:2)
  2 gnoll zombies (Ossuary)
  6 hobgoblins
  2 quokkas
  7 ball pythons
  4 bats
  2 frilled lizards
  13 goblins
  5 hobgoblin zombies (Ossuary)
  7 kobolds
  3 kobold zombies (Ossuary)
  6 orc zombies (Ossuary)
  A rat (D:2)
  A spectral hobgoblin (D:1)
136 creatures vanquished.

Vanquished Creatures (others)
  An orc (D:7)
  18 fulminant prisms
  11 plants (D:7)
30 creatures vanquished.

Grand Total: 166 creatures vanquished

Notes
Turn   | Place    | Note
-------+----------+-------------------------------------------
     0 | D:1      | iguanaiguana the Djinni Conjurer began the quest for the
                  | Orb.
     0 | D:1      | iguanaiguana set off with the following spells memorised:
                  | Magic Dart, Searing Ray, Dazzling Flash, Fulminant Prism,
                  | Iskenderun's Mystic Blast.
     0 | D:1      | Reached XP level 1. HP: 15/15 MP: 0/0
    96 | D:1      | Found a faded altar of an unknown god.
   252 | D:3      | Reached XP level 2. HP: 16/21 MP: 0/0
   492 | D:3      | Reached XP level 3. HP: 13/25 MP: 0/0
   492 | D:3      | Learned a level 1 spell: Beastly Appendage
   532 | D:3      | Identified the +8 mace "Tawouveo" {spect, Str+3}
   625 | D:3      | Noticed Robin
   695 | D:3      | Noticed Sigmund
   700 | D:3      | Killed Sigmund
   701 | D:3      | Reached XP level 4. HP: 20/33 MP: 0/0
   701 | D:3      | Reached XP level 5. HP: 24/38 MP: 0/0
   701 | D:3      | Learned a level 2 spell: Poisonous Vapours
   701 | D:3      | Reached XP level 6. HP: 27/43 MP: 0/0
   709 | D:3      | Noticed Jessica
   717 | D:3      | Killed Jessica
   802 | D:3      | Killed Robin
  1278 | D:4      | Noticed Menkaure
  1437 | D:4      | Found a sparkling altar of Nemelex Xobeh.
  1562 | D:5      | Entered Level 5 of the Dungeon
  1569 | D:5      | Reached XP level 7. HP: 27/51 MP: 0/0
  1569 | D:5      | Learned a level 2 spell: Passwall
  1647 | D:5      | Found a sand-covered staircase.
  1668 | Ossuary  | Entered an ossuary
  1996 | D:5      | Reached skill level 1 in Throwing
  1996 | D:5      | Reached XP level 8. HP: 58/58 MP: 0/0
  2030 | D:5      | Gained mutation: Your spells are a little easier to cast,
                  | but a little less powerful. [potion of mutation]
  2145 | D:6      | Reached skill level 5 in Spellcasting
  2159 | D:6      | Identified the +5 dagger of Osasi {holy, rPois rC+ rN+
                  | Int-2}
  2354 | D:6      | Found a glowing golden altar of the Shining One.
  2355 | D:6      | Found a basalt altar of Yredelemnul.
  2355 | D:6      | Found a blossoming altar of Fedhas.
  2368 | D:6      | Found a snail-covered altar of Cheibriados.
  2368 | D:6      | Found a shadowy altar of Dithmenos.
  2604 | D:7      | Found a staircase to the Ecumenical Temple.
  2611 | Temple   | Entered the Ecumenical Temple
  2619 | Temple   | Became a worshipper of Gozag Ym Sagoz the Greedy
  2635 | Temple   | Reached skill level 5 in Fighting
  2682 | D:7      | Reached XP level 9. HP: 26/66 MP: 0/0
  2682 | D:7      | Learned a level 3 spell: Conjure Flame
  3178 | D:7      | Found a glowing silver altar of Zin.
  3284 | D:8      | Reached skill level 5 in Maces & Flails
  3320 | D:8      | Noticed an eight-headed hydra
  3322 | D:8      | Noticed a cyclops
  3327 | D:8      | Slain by an eight-headed hydra

Illustrated notes

Levels and vault maps discovered:
D:1:      nzn_arrival_crosshair, layout_rooms,
          dreamdust_ecumenical_altar_drowned_temple
D:2:      layout_basic, uniq_terence
D:3:      layout_basic, kennysheep_pointless_box, kennysheep_minor_cross,
          nrook_loot_triangle, item_on_display_a, uniq_jessica, uniq_sigmund,
          uniq_robin
D:4:      layout_gridville, nemelex_spade_bored_becter, uniq_menkaure,
          uniq_blork_the_orc
D:5:      layout_loops_corners, makhleb_heckhound_becter,
          chequers_ossuary_entry_cave
D:6:      layout_loops_ring, minmay_overflow_temple_hex
D:7:      black_bear_nest_1, layout_cave_pools,
          nzn_overflow_gifts_of_might_and_magic, lemuel_doored_altar,
          old_standard_altar, minmay_temple_entry_overgrown
D:8:      minmay_the_grid_octo_2x2 [minmay_the_grid_octo_tetromino_candy,
          minmay_the_grid_octo_clover_2, minmay_the_grid_octo_chip,
          minmay_the_grid_octo_prize_star], layout_rooms, okawaru_humans,
          serial_bayou_pond_b, dreamdust_mushroom_princess
Temple:   nicolae_temple_two_arcs

Skill      XL: |  1  2  3  4  5  6  7  8  9 |
---------------+----------------------------+-----
Spellcasting   | 4 6 |  6.0
Fighting       | 2 3 4 6 |  6.1
Maces & Flails | 3 6 |  6.0
Throwing       | 1 2 |  2.0
Dodging        | |  2.1
Stealth        | |  1.5

Action                   |  1- 3 |  4- 6 |  7- 9 || total
-------------------------+-------+-------+-------++-------
Melee: Mace              |     4 |     6 |    74 ||    84
       Punch             |       |       |     1 ||     1
       Dagger            |       |       |     1 ||     1
Throw: Dart              |       |       |     1 ||     1
       Javelin           |       |       |     2 ||     2
 Cast: Magic Dart        |    47 |    29 |    13 ||    89
       Searing Ray       |     2 |    13 |     6 ||    21
       Poisonous Vapours |       |     5 |    27 ||    32
       Passwall          |       |       |     1 ||     1
       Fulminant Prism   |       |       |    18 ||    18
       Iskenderun's Myst |       |       |     5 ||     5
       Conjure Flame     |       |       |     1 ||     1
  Use: Scroll            |       |     2 |     5 ||     7
       Potion            |       |       |     4 ||     4
 Stab: Sleeping          |       |       |     1 ||     1
Armor: Robe              |     4 |     4 |    11 ||    19
Dodge: Dodged            |    12 |     8 |    36 ||    56
